 Dungeon Crawl Stone Soup version 0.14.2 (webtiles) character file.

93 dngmouse the Digger (level 4, 0/30 HPs)
             Began as a Formicid Earth Elementalist on June 5, 2015.
             Succumbed to an adder's poison
             ... on Level 2 of the Dungeon.
             The game lasted 00:18:12 (1218 turns).

dngmouse the Digger (Formicid Earth Elementalist)   Turns: 1218, Time: 00:18:12

HP   0/30        AC  6     Str 12      XL: 4   Next:  7%
MP   1/8         EV 12     Int 16      God:
Gold 42          SH  0     Dex 11      Spells:  2 memorised,  3 levels left

rFire  . . .     SeeInvis +     h - +1,+0 whip (elec)
rCold  . . .     Clarity  .     c - +0 robe
rNeg   . . .     Conserve .     (no shield)
rPois  .         rCorr    .     (helmet unavailable)
rElec  .         rRot     .     p - +2 cloak
SustAb . .       Spirit   .     (no gloves)
rMut   .         Warding  .     g - +0 pair of boots
Saprov . . .     Stasis   +     (no amulet)
MR     .....                    (no ring)
                                (no ring)

@: lethally poisoned, not resistant to hostile enchantments, fairly stealthy
A: permanent stasis, dig shafts and tunnels, four strong arms, antennae 3
a: Dig, Shaft Self


You were on level 2 of the Dungeon.
You were completely stuffed.

You visited 1 branch of the dungeon, and saw 2 of its levels.

You collected 42 gold pieces.

Inventory:

Hand weapons
 h - a +1,+0 whip of electrocution (weapon)
Missiles
 b - 51 stones (quivered)
 e - 17 darts of flame
 i - a dart
Armour
 c - a +0 robe (worn)
 g - a +0 pair of boots (worn)
 p - a +2 cloak (worn)
Comestibles
 o - an apple
Scrolls
 m - 4 scrolls of identify
 u - a scroll of enchant weapon I
Jewellery
 r - an uncursed ring of positive energy
 v - an uncursed amulet of guardian spirit
Books
 d - a book of Geomancy

   Spells                             Type                      Level
   *Sandblast                         Earth                        1
   Stoneskin                          Transmutation/Earth          2
   Passwall                           Transmutation/Earth          3
   *Stone Arrow                       Conjuration/Earth            3
   Petrify                            Transmutation/Earth          4
   Lee's Rapid Deconstruction         Earth                        5


   Skills:
 - Level 1.7 Dodging
 - Level 2.4 Stealth
 - Level 2.1 Spellcasting
 + Level 1.0 Conjurations
   Level 1.1 Transmutations
 + Level 5.3 Earth Magic


You had 3 spell levels left.
You knew the following spells:

 Your Spells              Type           Power        Failure   Level  Hunger
a - Sandblast             Erth           ###...       2%          1    #......
b - Stone Arrow           Conj/Erth      ##....       17%         3    ####...


Dungeon Overview and Level Annotations

Branches:
Dungeon (2/15)

Altars:


Innate Abilities, Weirdness & Mutations

Your are under a permanent stasis effect.
You can dig through walls and to a lower floor.
Your four strong arms can wield two-handed weapons with a shield.
You have a pair of large antennae on your head (SInv).


Message History

Identify which item? (\ to view known items) (? for menu, Esc to quit)
As you read the scroll of identify, it crumbles to dust.
u - a scroll of enchant weapon I
* * * LOW HITPOINT WARNING * * *
You feel sick.
Casting: Sandblast
Confirm with . or Enter, or press ? or * to list all spells.
Okay, then.
Unknown command.
Unknown command.
Unknown command.
Eat which item? (? for menu, Esc to quit)
You continue eating. x2
* * * LOW HITPOINT WARNING * * *
You feel sick.
You continue eating.
You finish eating.
That meat ration really hit the spot!
Eat which item? (? for menu, Esc to quit)
You continue eating.
You die...

#.# #.# #.# #.# #.# #.#
######.#
##......###########.#.#..
.......>(.......@l..(((((
##.####.###########.#.#..
##.# #.# ...# #.#
##.####.# .#%.....#
.#.###### .#.# ##.#


You could see a giant newt.

Vanquished Creatures
  2 adders (D:2)
  2 giant cockroaches (D:1)
  4 hobgoblins
  7 kobolds
  A quokka (D:2)
  A ball python (D:2)
  A bat (D:1)
  A giant gecko (D:1)
  2 giant newts (D:1)
  5 goblins
  4 jackals (D:1)
  3 rats (D:1)
33 creatures vanquished.

Notes
Turn   | Place    | Note
--------------------------------------------------------------
     0 | D:1      | dngmouse, the Formicid Earth Elementalist, began the quest for the Orb.
     0 | D:1      | Reached XP level 1. HP: 13/13 MP: 3/3
   217 | D:1      | Reached skill level 4 in Earth Magic
   412 | D:1      | Reached XP level 2. HP: 19/19 MP: 5/5
   671 | D:1      | Reached XP level 3. HP: 15/24 MP: 1/7
   676 | D:1      | Learned a level 3 spell: Stone Arrow
   845 | D:1      | Reached skill level 5 in Earth Magic
  1207 | D:2      | Reached skill level 1 in Conjurations
  1207 | D:2      | Reached XP level 4. HP: 5/30 MP: 0/8
  1212 | D:2      | HP: 1/30 [poisoned by an adder]
  1218 | D:2      | Succumbed to an adder's poison

Action                   |  1- 3 |  4- 6 || total
-------------------------+-------+-------++-------
Melee: Whip              |    61 |       ||    61
Throw: Dart              |     7 |       ||     7
       Stone             |    74 |       ||    74
 Cast: Sandblast         |    40 |     1 ||    41
       Stone Arrow       |     2 |       ||     2
 Abil: Dig               |     1 |       ||     1
  Use: Potion            |     3 |       ||     3
       Scroll            |       |     5 ||     5
